 Dungeon Crawl Stone Soup version 0.17-a0-1685-g57e755e (webtiles) character file.

97 kae the Ruffian (level 4, -4/36 HPs)
             Began as a Ghoul Gladiator on Aug 19, 2015.
             Slain by a big kobold (5 damage)
             ... in a sewer.
             The game lasted 00:01:41 (1757 turns).

kae the Ruffian (Ghoul Gladiator)                   Turns: 1757, Time: 00:01:41

Health: -4/36      AC:  4    Str: 18    XL:     4   Next: 68%
Magic:  3/3        EV: 12    Int:  4    God:
Gold:   129        SH:  0    Dex:  9    Spells: 0 memorised, 3 levels left

rFire  . . .     SeeInvis .       - Unarmed
rCold  + . .     Clarity  .     a - +0 leather armour
rNeg   + + +     SustAt   .     (no shield)
rPois  ∞         Gourm    .     b - +0 helmet
rElec  .         Spirit   .     (no cloak)
rCorr  .         Warding  .     (no gloves)
rMut   .         Stasis   .     (no boots)
MR     .....                    (no amulet)
Stlth  +.........               (no ring)
                                (no ring)

@: rotting, not resistant to hostile enchantments, very unstealthy
A: rotting body, claws 1, carnivore 3, cold resistance 1, negative energy
resistance 3, slow healing 1, torment resistance, unbreathing
a: no special abilities


You were in a sewer.
You were not hungry.

You visited 1 branch of the dungeon, and saw 3 of its levels.
You also visited: Sewer.

You collected 129 gold pieces.

Inventory:

Missiles
 c - 5 throwing nets (quivered)
Armour
 a - a +0 leather armour (worn)
 b - a +0 helmet (worn)
Scrolls
 e - 3 scrolls of identify {unknown}
 f - 2 scrolls of random uselessness {unknown}
 j - a scroll of teleportation {unknown}
 k - a scroll of amnesia {unknown}
 n - a scroll of recharging {unknown}
Potions
 g - a potion of haste {unknown}
 h - a potion of heal wounds {unknown}
 i - a potion of cancellation {unknown}
 l - a potion of curing {unknown}
Comestibles
 d - a meat ration


   Skills:
 - Level 2.1 Fighting
 - Level 1.7 Throwing
 - Level 2.6 Dodging
 + Level 5.8 Unarmed Combat


You had 3 spell levels left.
You didn't know any spells.

Dungeon Overview and Level Annotations

Branches:
Dungeon (3/15)

Altars:
Fedhas
Trog


Innate Abilities, Weirdness & Mutations

Your body is rotting away.
You thrive on raw meat.
You are immune to poison.
You have sharp fingernails.
You are carnivorous and can eat meat at any time.
Your flesh is cold resistant.
You are immune to negative energy.
You heal slowly when monsters are visible.
You are immune to unholy pain and torment.
You can survive without breathing.


Message History

The big kobold hits you.
* * * LOW HITPOINT WARNING * * *
The worm barely misses you.
You are too injured to fight recklessly!
You are too injured to fight recklessly!
You are too injured to fight recklessly!
You scratch the big kobold.
The big kobold is severely wounded.
The big kobold splashes around in the water.
Your unstable footing causes you to fumble your attack.
The big kobold hits you.
* * * LOW HITPOINT WARNING * * *
The worm closely misses you.
You scratch the big kobold.
The big kobold is almost dead.
The big kobold hits you.
* * * LOW HITPOINT WARNING * * *
Your unstable footing causes you to fumble your attack.
The worm bites you but does no damage. The big kobold hits you.
You die...

#####
#########
#.#.#
#.#.#.#.#
#≈#≈#
#≈#≈#≈#≈#
#w#K#
#≈#≈#≈#≈#
#≈#@#
#≈#≈#≈#≈#
#≈w≈#
#≈≈≈#≈≈≈#
#≈ ##(##
##≈###≈##
#≈ #.#
#(# #≈#
#≈###(#
#≈###≈#
#≈≈≈≈≈#
#≈≈≈≈≈#
##≈≈≈##
##≈≈≈##
#.≈.#
#.≈.#
#.≈≈#
#...#


You could see a big kobold and a worm.

Vanquished Creatures
  5 adders
  An ooze (Sewer)
  A worm (Sewer)
  5 giant cockroaches
  7 hobgoblins (D:1)
  3 kobolds
  A quokka (D:2)
  3 bats
  3 giant geckos
  2 giant newts
  7 goblins
  5 rats
43 creatures vanquished.

Notes
Turn   | Place    | Note
--------------------------------------------------------------
     0 | D:1      | kae the Ghoul Gladiator began the quest for the Orb.
     0 | D:1      | Reached XP level 1. HP: 17/17 MP: 0/0
   178 | D:1      | Reached XP level 2. HP: 12/24 MP: 1/1
   202 | D:1      | Reached skill level 4 in Unarmed Combat
   688 | D:2      | Reached XP level 3. HP: 21/29 MP: 2/2
  1032 | D:2      | Reached skill level 5 in Unarmed Combat
  1069 | D:2      | Reached XP level 4. HP: 29/36 MP: 3/3
  1305 | D:2      | Found a blossoming altar of Fedhas.
  1305 | D:2      | Found a bloodstained altar of Trog.
  1406 | D:3      | Found a glowing drain.
  1427 | Sewer    | Entered a sewer
  1741 | Sewer    | Noticed a big kobold
  1756 | Sewer    | HP: 1/36 [big kobold (1)]
  1757 | Sewer    | Slain by a big kobold

Vault maps used:
D:1:      dpeg_arrival_stone_temple_mockup
D:2:      amethyst_overflow_temple_binary, first_bread, st_stairs_12,
          grunt_ministairs_4, kennysheep_cluttered_room
D:3:      tso_oasis_becter, portal_sewer_entry_f
Sewer:    sewer_co_tree

Action                   |  1- 3 |  4- 6 || total
-------------------------+-------+-------++-------
Melee: Unarmed           |    97 |    82 ||   179
  Eat: Chunk             |    12 |     2 ||    14
